 Dungeon Crawl Stone Soup version 0.27.1 (webtiles) character file.

Game seed: 3748882405742285043

69 Ishikawa the Shield-Bearer (level 4, -1/35 HPs)
             Began as a Human Fighter on Sept 3, 2021.
             Killed by divine providence
             ... invoked by an orc priest
              (16 damage)
             ... on level 3 of the Dungeon.
             The game lasted 00:03:56 (2301 turns).

Ishikawa the Shield-Bearer (Human Fighter)          Turns: 2301, Time: 00:03:57

Health: -1/35      AC:  6    Str: 16    XL:     4   Next: 42%
Magic:  5/5        EV: 11    Int: 10    God:
Gold:   78         SH:  0    Dex: 12    Spells: 4/4 levels left

rFire    . . .     SeeInvis .   a - +0 long sword
rCold    . . .     Faith    .   c - +0 kite shield
rNeg     . . .     Spirit   .   b - +0 scale mail
rPois    .         Reflect  .   (no helmet)
rElec    .         Harm     .   (no cloak)
rCorr    .         Rampage  .   (no gloves)
Will     .....                  (no boots)
Stlth    ..........             l - amulet of regeneration
HPRegen  1.11/turn              h - +4 ring of evasion
MPRegen  0.09/turn              (no ring)

@: confused, mighty
A: no striking features
a: no special abilities


You were on level 3 of the Dungeon.
You visited 1 branch of the dungeon, and saw 3 of its levels.

You collected 78 gold pieces.

Inventory:

Hand Weapons
 a - a +0 long sword (weapon)
Armour
 b - a +0 scale mail (worn)
 c - a +0 kite shield (worn)
Jewellery
 h - a +4 ring of evasion (left hand)
 l - an amulet of regeneration (around neck)
Scrolls
 e - 2 scrolls of magic mapping {unknown}
 f - 2 scrolls of teleportation {unknown}
 g - a scroll of identify {unknown}
 i - a scroll of enchant weapon {unknown}
 j - a scroll of amnesia {unknown}
 m - a scroll of enchant armour {unknown}
Potions
 k - a potion of cancellation {unknown}
 n - a potion of ambrosia {unknown}


   Skills:
 * Level 3.1 Fighting
 * Level 2.8 Long Blades
 * Level 3.3 Armour
 * Level 0.5 Dodging
 * Level 1.0 Stealth
 * Level 3.4 Shields
 * Level 0.8 Spellcasting


You had 4 spell levels left.
You didn't know any spells.
Your spell library contained the following spells:

 Spells                   Type           Power      Damage    Failure   Level
 Ensorcelled Hibernation  Hex/Ice        0%         N/A       100%        2
 Spider Form              Tmut/Pois      0%         N/A       100%        3
 Shadow Creatures         Summ           N/A        N/A       100%        6


Dungeon Overview and Level Annotations

Branches:
Dungeon (3/15)

Altars:

Shops:
D:1 !


Message History

A magic dart appears from out of thin air!
The magic dart hits you.
The orc priest calls upon Beogh to heal the orc.
The orc's wounds heal themselves!
The orc closely misses you. Something hits you but does no damage.
You closely miss the orc. You block the orc's attack. Something hits you.
The orc hits you with a +0 hand axe.
You barely miss the orc. Something hits you but does no damage.
You block the orc's attack. Something hits you.
You hit the orc.
The orc is heavily wounded.
The orc barely misses you. Something hits you. You block the orc's attack.
Something hits you but does no damage.
You hit the orc but do no damage.
The orc is heavily wounded.
The orc priest looks satisfied for a moment.
The orc hits you but does no damage. You block something's attack.
You closely miss the orc.
The orc is heavily wounded.
You block the orc's attack.
You hear some strange, mumbled words.
You are confused.
The orc hits you with a +0 hand axe.
You hit the orc.
You kill the orc!
Something hits you but does no damage.
The orc priest miscasts a cantrip.
Something hits you but does no damage.
You feel very mighty all of a sudden.
The orc priest mumbles some strange prayers to Beogh against you.
Beogh smites you! Something hits you but does no damage.
You completely miss something. Something hits you but does no damage.
The orc priest invokes the aid of Beogh against you.
Pain shoots through your body!
You barely miss the orc priest. Something hits you.
The orc priest closely misses you. Something hits you.
You barely miss something.
The orc priest mumbles some strange prayers to Beogh against you.
Beogh smites you!
You die...

#.# #.# #.# #.#
#####.## #####
#......## ##...##
##.#.....#######.###.#
...##..........o{..#.#
######.#########@#.#.#
#.# ##...## #.# ##.##
##'## #.# ##...## #.#
##.....## ###.###
###.......## ##.#...#
.#.........####...##.#
.'.........'......[#.#


You could see an orc priest.

Vanquished Creatures
  2 adders (D:3)
  An orc (D:3)
  A ball python (D:1)
  2 endoplasms
  6 giant cockroaches
  2 goblins
  5 hobgoblins
  4 jackals (D:2)
  3 kobolds
  4 quokkas
  6 bats
  4 frilled lizards
  2 rats
  A spectral kobold (D:1)
43 creatures vanquished.

Notes
Turn   | Place    | Note
-------+----------+-------------------------------------------
     0 | D:1      | Ishikawa the Human Fighter began the quest for the Orb.
     0 | D:1      | Reached XP level 1. HP: 18/18 MP: 1/1
   114 | D:1      | Reached XP level 2. HP: 18/24 MP: 2/2
   511 | D:1      | Found Gioshoco's Distillery.
   604 | D:1      | Reached XP level 3. HP: 29/29 MP: 3/3
   817 | D:1      | Found a faded altar of an unknown god.
  1906 | D:3      | Reached XP level 4. HP: 32/35 MP: 4/4
  2266 | D:3      | Reached skill level 1 in Stealth
  2301 | D:3      | Killed from afar by an orc priest

Illustrated notes

Levels and vault maps discovered:
D:1:      dpeg_arrival_water_temple_mockup, layout_basic,
          dreamdust_ecumenical_altar_drowned_temple, serial_shops, shop,
          minmay_tetromino_i4
D:2:      wander_river, layout_loops_ring
D:3:      layout_loops_corners

Skill      XL: |  1  2  3  4 |
---------------+-------------+-----
Stealth        | 1 |  1.0
Fighting       | |  3.1
Long Blades    | |  2.8
Armour         | |  3.3
Dodging        | |  0.5
Shields        | |  3.4
Spellcasting   | |  0.8

Action                   |  1- 3 |  4- 6 || total
-------------------------+-------+-------++-------
Melee: Long sword        |   150 |    25 ||   175
  Use: Potion            |       |     1 ||     1
Armor: Scale mail        |    76 |    16 ||    92
Dodge: Dodged            |    68 |     9 ||    77
Block: Kite shield       |    75 |    14 ||    89
       Rpst.: Long sword |    16 |     3 ||    19
